Map: [ESL] Tropical Sacrifice

Players

GogojOey

  • Race: Zerg Zerg
  • Spawn Location: 7:00

ButAlways - Winner!

  • Race: Protoss Protoss
  • Spawn Location: 1:00

Event: DreamHack SC2 Masters 2022 Atlanta (Online)

VOD

Have the link to the VOD?

Description

Time

  • Played on: Sept. 29, 2022, 8:21 a.m.
  • Length: 13:48

All games in this series

Show
View Real Time Build Order
Export as new Build Order

GogojOey Zerg 

Build Orders: Pool First 

Get SALT Encoding   

  12  0:00  Drone  
  13  0:12  Overlord  
  13  0:17  Drone  
  14  0:31  Drone x2  
  16  0:41  Spawning Pool  
  15  0:45  Drone  
  15  0:48  Drone  
  17  1:06  Drone  
  18  1:21  Extractor  
  18  1:22  Drone, Hatchery  
  17  1:28  Zergling x4  
  19  1:33  Queen  
  19  1:39  Overlord  
  21  1:49  Drone  
  22  2:00  Drone  
  23  2:11  Hatchery  
  22  2:16  Queen  
  22  2:21  Drone  
  25  2:23  Drone  
  26  2:33  Drone  
  27  2:38  Drone  
  27  2:40  Queen  
  30  2:44  Drone  
  30  2:50  Zergling x2  
  31  2:53  Drone  
  31  2:55  Overlord  
  32  2:58  Drone  
  32  3:04  Drone  
  34  3:08  Drone x2  
  34  3:11  Spore Crawler  
  34  3:22  Drone x2  
  34  3:24  Drone  
  37  3:28  Drone x3  
  37  3:29  Drone  
  37  3:31  Spore Crawler  
  40  3:39  Queen  
  40  3:41  Spore Crawler  
  41  3:43  Drone  
  41  3:44  Drone  
  41  3:48  Drone x3  
  48  3:50  Metabolic Boost  
  48  3:57  Overlord  
  48  4:04  Drone x2  
  48  4:08  Spore Crawler  
  47  4:11  Drone x3  
  47  4:15  Spore Crawler  
  47  4:16  Drone x4  
  47  4:17  Drone  
  54  4:27  Spore Crawler  
  54  4:28  Overlord  
  54  4:29  Drone x4  
  54  4:31  Drone  
  58  4:39  Overlord  
  58  4:40  Overlord  
  58  4:46  Lair  
  58  4:47  Drone x2  
  58  4:48  Roach Warren  
  58  4:49  Drone  
  60  4:53  Overlord  
  60  4:54  Drone x2  
  60  4:55  Drone  
  63  5:02  Extractor  
  63  5:03  Drone x4, Extractor  
  63  5:06  Drone x2, Evolution Chamber  
  66  5:11  Drone x4  
  70  5:17  Overlord  
  70  5:20  Zergling x2  
  70  5:21  Extractor  
  70  5:22  Extractor  
  70  5:23  Zergling x2  
  70  5:27  Extractor  
  70  5:28  Drone x7  
  76  5:31  Drone x2  
  76  5:35  Drone x3  
  81  5:46  Drone x3  
  84  5:52  Glial Reconstitution  
  84  5:54  Hatchery  
  78  6:02  Overlord  
  78  6:03  Drone  
  78  6:04  Queen  
  78  6:06  Overlord x2  
  78  6:10  Spire  
  79  6:14  Roach  
  79  6:15  Zergling x2, Roach x4  
  90  6:21  Zergling x4  
  91  6:26  Zergling x4  
  91  6:27  Zergling x4  
  91  6:30  Zergling x6  
  91  6:31  Zerg Melee Weapons Level 1  
  98  6:33  Overlord  
  98  6:34  Drone  
  98  6:35  Drone x3  
  102  6:41  Drone  
  102  6:42  Queen  
  105  6:47  Extractor  
  105  6:51  Extractor  
  102  6:58  Drone x5  
  102  6:59  Drone  
  102  7:00  Overlord x3  
  107  7:05  Hatchery  
  104  7:15  Drone x2  
  99  7:20  Zergling x14  
  104  7:23  Queen  
  104  7:24  Mutalisk x3  
  104  7:27  Mutalisk x4, Ravager  
  104  7:28  Extractor  
  120  7:30  Mutalisk, Extractor  
  120  7:34  Zerg Flyer Weapons Level 1  
  121  7:37  Mutalisk x3  
  121  7:41  Drone  
  128  7:44  Drone x3  
  128  7:45  Mutalisk  
  128  7:46  Mutalisk  
  128  7:48  Drone  
  136  8:01  Overlord  
  135  8:06  Overlord x3  
  135  8:10  Drone  
  135  8:11  Overlord  
  135  8:18  Roach x3  
  135  8:19  Overlord  
  141  8:21  Overlord  
  141  8:25  Zerg Missile Weapons Level 1  
  141  8:27  Roach x11  
  159  8:31  Roach x3  
  169  8:37  Roach x3  
  169  8:40  Roach  
  169  8:41  Roach  
  158  8:49  Roach x6  
  158  8:53  Roach x2  
  158  8:54  Roach  
  158  9:03  Drone x5  
  158  9:04  Drone x2  
  163  9:10  Mutalisk x4  
  163  9:13  Drone x3  
  163  9:14  Drone  
  175  9:18  Ravager x2  
  175  9:19  Mutalisk x2  
  175  9:23  Drone x2  
  177  9:35  Roach  
  177  9:36  Roach x8  
  193  9:45  Overlord  
  187  9:46  Drone  
  187  9:47  Mutalisk x4  
  187  9:51  Drone x2  
  198  9:55  Overlord  
  198  9:59  Baneling Nest  
  197  10:09  Mutalisk  
  197  10:11  Zergling x2  
  198  10:19  Zerg Melee Weapons Level 2  
  198  10:20  Mutalisk x3  
  188  10:29  Mutalisk x3  
  188  10:30  Mutalisk x3  
  192  10:37  Mutalisk x2  
  192  10:38  Zergling x8  
  192  10:39  Zergling x4  
  200  10:46  Mutalisk  
  176  11:01  Mutalisk x5  
  176  11:02  Mutalisk  
  176  11:04  Zergling x26, Roach  
  177  11:11  Mutalisk  
  177  11:13  Mutalisk  
  177  11:15  Zergling x6  
  177  11:18  Mutalisk  
  181  11:19  Zergling x4  
  183  11:28  Spore Crawler  
  183  11:29  Drone x2  
  183  11:30  Hatchery, Mutalisk x3, Extractor  
  188  11:38  Mutalisk x3  
  194  11:40  Zergling x12  
  185  11:51  Roach  
  185  11:52  Roach x7  
  197  11:55  Roach  
  199  12:02  Zergling x2  
  200  12:14  Spine Crawler  
  200  12:15  Spine Crawler  
  196  12:27  Spine Crawler  
  196  12:28  Roach x7  
  196  12:29  Spine Crawler  
  192  12:30  Spine Crawler  
  192  12:34  Roach x4  
  192  12:35  Roach x7  
  193  12:39  Roach x7  
  192  12:44  Roach x5  
  192  12:50  Spine Crawler  
  195  12:56  Roach x4  
  179  13:08  Roach  
  179  13:09  Roach x13  
  159  13:14  Corruptor x3  
  159  13:15  Corruptor  
  159  13:19  Corruptor  
  145  13:22  Roach x6  
Show
View Real Time Build Order
Export as new Build Order

ButAlways Protoss - Winner!

Build Orders: 1 Gate Expand, Oracle Opening, Zealot Archon 

Get SALT Encoding   

  12  0:00  Probe  
  13  0:12  Probe  
  14  0:20  Pylon  
  14  0:24  Probe  
  15  0:38  Probe (Chrono Boost)  
  15  0:39  Gateway  
  16  0:48  Probe (Chrono Boost), Assimilator  
  17  0:53  Probe (Chrono Boost)  
  18  1:05  Probe  
  20  1:24  Nexus  
  19  1:33  Cybernetics Core  
  19  1:36  Probe  
  20  1:41  Assimilator  
  20  1:48  Probe  
  20  1:52  Pylon  
  21  2:00  Probe (Chrono Boost)  
  22  2:07  Adept (Chrono Boost)  
  22  2:12  Probe (Chrono Boost)  
  24  2:18  Probe (Chrono Boost), Stargate  
  25  2:27  Warp Gate  
  25  2:28  Probe (Chrono Boost)  
  26  2:39  Probe (Chrono Boost)  
  28  2:46  Adept, Probe (Chrono Boost)  
  28  2:49  Probe (Chrono Boost)  
  31  2:53  Probe (Chrono Boost)  
  31  2:54  Probe (Chrono Boost)  
  33  3:00  Oracle (Chrono Boost)  
  33  3:04  Probe  
  37  3:06  Probe  
  38  3:16  Probe  
  38  3:18  Probe  
  40  3:23  Pylon  
  40  3:28  Probe  
  40  3:30  Probe  
  40  3:32  Oracle  
  45  3:41  Probe  
  46  3:46  Nexus  
  46  3:49  Probe (Chrono Boost)  
  46  3:55  Probe (Chrono Boost)  
  48  3:57  Gateway  
  48  4:01  Probe (Chrono Boost)  
  49  4:09  Probe x2 (Chrono Boost)  
  51  4:13  Pylon  
  51  4:15  Probe  
  51  4:17  Stalker, Assimilator  
  52  4:21  Assimilator  
  54  4:29  Fleet Beacon  
  54  4:31  Probe x2  
  56  4:42  Stalker  
  56  4:44  Probe (Chrono Boost)  
  60  4:46  Twilight Council  
  60  4:50  Probe (Chrono Boost), Forge  
  61  4:54  Probe (Chrono Boost)  
  61  4:59  Probe x2 (Chrono Boost)  
  63  5:00  Probe (Chrono Boost), Pylon  
  64  5:10  Probe (Chrono Boost)  
  64  5:12  Protoss Ground Weapons Level 1 (Chrono Boost)  
  67  5:14  Probe (Chrono Boost)  
  67  5:15  Probe (Chrono Boost)  
  67  5:16  Probe (Chrono Boost)  
  67  5:18  Blink (Chrono Boost)  
  67  5:21  Probe  
  69  5:22  Gateway, Probe  
  69  5:23  Gateway  
  69  5:26  Probe  
  69  5:28  Gateway  
  71  5:33  Probe  
  71  5:34  Probe  
  73  5:39  Probe  
  73  5:42  Gateway  
  74  5:43  Gateway  
  74  5:45  Gateway, Probe  
  74  5:48  Stalker  
  77  5:53  Pylon  
  77  5:59  Probe  
  77  6:01  Pylon  
  77  6:03  Stalker  
  79  6:07  Probe  
  80  6:12  Stalker  
  80  6:14  Probe  
  80  6:18  Nexus, Photon Cannon  
  83  6:21  Pylon  
  83  6:22  Stalker  
  83  6:23  Probe x2  
  87  6:27  Stalker  
  87  6:30  Probe  
  87  6:32  Templar Archives  
  90  6:35  Probe  
  90  6:37  Probe  
  90  6:39  Pylon  
  92  6:42  Pylon  
  92  6:48  Charge (Chrono Boost), Probe  
  92  6:49  Probe  
  92  6:50  Probe  
  95  6:54  Stalker x4  
  95  7:00  Probe  
  104  7:04  Zealot x3  
  104  7:05  Zealot  
  111  7:09  Protoss Ground Weapons Level 2 (Chrono Boost)  
  111  7:10  Probe  
  111  7:13  Photon Cannon  
  112  7:19  Probe x2  
  112  7:22  Probe  
  115  7:28  Gateway  
  115  7:29  Gateway, High Templar x5  
  125  7:33  Pylon  
  125  7:37  Archon x2  
  125  7:42  Gateway x2  
  125  7:44  Probe, Pylon  
  126  7:46  Pylon  
  126  7:47  High Templar  
  126  7:48  Photon Cannon  
  126  7:50  Shield Battery, Probe x3  
  131  7:53  Shield Battery  
  131  7:54  Archon  
  131  7:58  Zealot x2  
  135  8:01  Photon Cannon  
  135  8:03  Shield Battery, Photon Cannon  
  135  8:08  Zealot x4  
  143  8:13  Assimilator  
  143  8:14  Assimilator  
  143  8:20  Fleet Beacon  
  143  8:22  Stalker x3  
  143  8:23  Stalker  
  151  8:31  Phoenix  
  151  8:35  Pylon  
  151  8:36  Photon Cannon  
  151  8:37  Pylon  
  151  8:38  Pylon  
  151  8:41  Pylon  
  149  8:42  Photon Cannon  
  149  8:48  Stalker x5  
  126  8:55  Zealot x3  
  119  9:05  Phoenix (Chrono Boost)  
  109  9:14  Stalker x3  
  109  9:15  Stargate  
  113  9:17  Zealot x5  
  123  9:26  Photon Cannon, Assimilator x2  
  123  9:30  Zealot x3  
  120  9:40  Stalker x4  
  120  9:42  Probe x2  
  120  9:43  Probe  
  129  9:50  Probe  
  136  9:54  Probe  
  136  9:59  Zealot x4  
  145  10:00  Probe x2  
  145  10:12  Zealot x2  
  153  10:21  Zealot x4  
  159  10:26  Stalker x2  
  155  10:29  Stalker  
  155  10:32  Phoenix (Chrono Boost)  
  155  10:34  Stalker x4  
  145  10:44  Stalker x4  
  145  10:48  Phoenix (Chrono Boost)  
  146  10:51  Pylon  
  146  10:54  Stalker x2  
  142  11:05  Phoenix, Photon Cannon  
  142  11:09  Photon Cannon  
  142  11:11  High Templar x5  
  148  11:12  Zealot x4  
  148  11:15  Archon x2  
  156  11:21  High Templar  
  158  11:28  Archon  
  158  11:31  Pylon  
  158  11:33  Anion Pulse-Crystals (Chrono Boost)  
  158  11:36  Phoenix (Chrono Boost)  
  158  11:37  Nexus  
  160  11:47  Phoenix (Chrono Boost)  
  152  11:53  Phoenix  
  155  11:59  Stalker x7  
  169  12:04  Phoenix  
  169  12:07  Pylon  
  169  12:08  Pylon  
  169  12:15  Stargate  
  171  12:18  Phoenix  
  171  12:19  Pylon  
  171  12:21  Zealot x4  
  181  12:29  Phoenix  
  177  12:32  Zealot x6  
  177  12:43  Phoenix  
  175  12:48  Stalker x4  
  175  12:50  Pylon  
  183  12:55  Phoenix  
  185  13:00  Stalker x4  
  183  13:09  Stalker x2  
  183  13:10  Stalker  
  171  13:17  Zealot x3  
  171  13:20  High Templar x2  
  171  13:25  Archon  
Tags
 
Add a new tag
Caveats
  • Supply blocks, unpowered buildings, or Contaminate may cause inaccurate times.
  • Supply counts are checked every 10 seconds.